 Dungeon Crawl Stone Soup version 0.31-a0-1499-ge0622b2318 (webtiles) character file.

Game seed: 3183504165845759661

24666 bmb222 the Fighter (level 12, -4/133 HPs)
             Began as a Demonspawn Fighter on Dec 29, 2023.
             Was an Elder of Hepliaklqana.
             Slain by Snorg (7 damage)
             ... on level 1 of the Orcish Mines.
             The game lasted 00:15:06 (14826 turns).

bmb222 the Fighter (Demonspawn Fighter)            Turns: 14826, Time: 00:15:08

Health: -4/133     AC: 18    Str: 17    XL:     12   Next: 82%
Magic:  0/12       EV: 15    Int:  9    God:    Hepliaklqana [****..]
Gold:   625        SH:  5    Dex: 19    Spells: 11/11 levels left

rFire   . . .        P - +5 falchion (venom)
rCold   + . .        c - +0 buckler
rNeg    . . .        g - +2 steam dragon scales
rPois   +            W - +0 helmet
rElec   .            K - +2 cloak {rPois}
rCorr   +            (no gloves)
SInv    +            X - +0 pair of boots
Will    +....        F - amulet "Kusteasa" {Spirit Rampage +Inv Will+ Dex+2} Stlth
                     e - ring of resist corrosion
HPRegen 0.42/turn    u - ring "Qielecutz" {Fly rC+ SInv}
MPRegen 0.13/turn

%: guardian spirit, rampage
@: berserking, flying, very quick
A: reduced essence, claws 1, slimy green scales 2, powered by death 1
a: Renounce Religion, Evoke Invisibility, Recall Ancestor, Ancestor Identity,
Transference, Idealise


You were on level 1 of the Orcish Mines.
You worshipped Hepliaklqana.
Hepliaklqana was greatly pleased with you.
You visited 3 branches of the dungeon, and saw 15 of its levels.

You collected 886 gold pieces.
You spent 261 gold pieces at shops.

Inventory:

Hand Weapons
 P - a +5 falchion of venom (weapon)
Armour
 b - a +0 scale mail
 c - a +0 buckler (worn)
 g - +2 steam dragon scales (worn)
 n - an orb of light
 q - a +2 ring mail of fire resistance
 K - a +2 cloak of poison resistance (worn)
 W - a +0 helmet (worn)
 X - a +0 pair of boots (worn)
Jewellery
 a - a +4 ring of protection
 e - a ring of resist corrosion (left claw)
 p - an amulet of guardian spirit
 r - a ring of willpower
 s - a ring of ice
 t - a +6 ring of strength
 u - the ring "Qielecutz" (right claw) {Fly rC+ SInv}
   (You found it on level 6 of the Dungeon)

   [ring of flight]

   rC+:       It protects you from cold.
   SInv:      It lets you see invisible.
   Fly:       It grants you flight.
 F - the amulet "Kusteasa" (around neck) {Spirit Rampage +Inv Will+ Dex+2}
   (You bought it in a shop on level 7 of the Dungeon)

   [amulet of guardian spirit]

   Spirit:    It causes incoming damage to be divided between your reserves of
   health and magic.
   Dex+2:     It affects your dexterity (+2).
   Will+:     It increases your willpower.
   +Inv:      It lets you turn invisible.
   Rampage:   It bestows one free step when moving towards enemies.
Wands
 v - a wand of roots (27)
 D - a wand of charming (11)
Scrolls
 o - 2 scrolls of vulnerability {unknown}
 y - 4 scrolls of enchant armour
 A - 2 scrolls of teleportation
 E - a scroll of revelation
 H - 2 scrolls of enchant weapon
 M - 3 scrolls of fog
 N - 2 scrolls of poison
 O - a scroll of amnesia
 Q - a scroll of silence
 S - a scroll of immolation {unknown}
 T - a scroll of identify
 U - a scroll of noise {unknown}
 V - a scroll of brand weapon
Potions
 d - 3 potions of might
 f - 2 potions of berserk rage
 i - 2 potions of degeneration {unknown}
 j - 3 potions of attraction
 k - a potion of heal wounds {unknown}
 l - a potion of ambrosia {unknown}
 w - 2 potions of lignification {unknown}
 B - 3 potions of brilliance {unknown}
 C - 2 potions of mutation {unknown}
 G - 2 potions of magic {unknown}
 L - a potion of cancellation {unknown}
 R - a potion of haste {unknown}


   Skills:
 - Level 10.9 Fighting
 - Level 6.8(9.1) Short Blades
 * Level 9.3(10.3) Long Blades
 - Level 10.0 Armour
 - Level 5.3 Dodging
 * Level 8.8 Stealth
 - Level 2.8 Shields


You had 11 spell levels left.
You didn't know any spells.
Your spell library contained the following spells:

 Spells                   Type           Power      Damage    Failure   Level
 Apportation              Tloc           0%         N/A       45%         1
 Necrotise                Necr           0%         1d4       45%         1
 Sting                    Conj/Alch      0%         1d3       45%         1
 Summon Small Mammal      Summ           0%         N/A       45%         1
 Cigotuvi's Dreadful Rot  Necr/Alch/Air  0%         N/A       61%         2
 Mercury Vapours          Alch/Air       0%         N/A       61%         2
 Static Discharge         Conj/Air       0%         3-3/arc   61%         2
 Call Canine Familiar     Summ           0%         N/A       83%         3
 Hailstorm                Conj/Ice       0%         3d5       83%         3
 Summon Ice Beast         Ice/Summ       0%         N/A       83%         3
 Airstrike                Air            0%         2d(0-16)  99%         4
 Dispel Undead            Necr           0%         3d6       99%         4
 Martyr's Knell           Necr/Summ      0%         N/A       99%         4
 Olgreb's Toxic Radiance  Alch           0%         N/A       99%         4
 Summon Blazeheart Golem  Fire/Summ      0%         N/A       99%         4
 Summon Lightning Spire   Summ/Air       0%         N/A       99%         4
 Death Channel            Necr           0%         N/A       100%        6
 Sculpt Simulacrum        Ice/Alch       0%         N/A       100%        6


Dungeon Overview and Level Annotations

Branches:
Dungeon (13/15)            Temple (1/1) D:4            Lair (0/5) D:11
    Orc (1/2) D:9
 Vaults: D:13-14

Altars:
Ashenzari
Cheibriados
Dithmenos
Fedhas
Gozag
Hepliaklqana
Kikubaaqudgha
Makhleb
Nemelex Xobeh
Okawaru
Qazlal
Ru
Sif Muna
Trog
Uskayaw
Vehumet
Wu Jian
Xom
Yredelemnul

Shops:
D:2 (*   D:7 *   D:10 (   D:12 [   D:13 :

Annotations:
D:10 2 transporters
Orc:1 Snorg


Innate Abilities, Weirdness & Mutations

Your life essence is reduced to manifest your ancestor. (-10% HP)
You have sharp fingernails.
You are mostly covered in slimy green scales. (AC +3)
You regenerate a little health from kills.


Message History

Snorg is lightly wounded.
Snorg bites you! Snorg claws you! Snorg completely misses you.
Quintus gestures at Snorg while chanting.
The puff of frost hits Snorg!
You strike the helpless Snorg from behind!
You slash Snorg!
Snorg is moderately wounded.
Snorg closely misses you. Snorg claws you! Snorg claws you but does no damage.
Quintus casts a spell at Snorg.
The stone arrow hits Snorg!!
You catch the helpless Snorg completely off-guard!
You slash Snorg!
Snorg looks as sick as possible!
Snorg is heavily wounded.
Snorg bites you! Snorg completely misses you. You block Snorg's attack.
Snorg bites you. Snorg closely misses you. Snorg claws you!
* * * LOW HITPOINT WARNING * * *
You are too injured to fight recklessly!
You are too injured to fight recklessly!
You are too injured to fight recklessly!
You swap places.
Snorg bites Quintus!
Snorg claws Quintus!
Snorg barely misses Quintus.
Quintus barely misses Snorg.
Snorg bites Quintus!
Snorg claws Quintus!
Quintus is destroyed!
You closely miss Snorg.
Snorg is heavily wounded.
Snorg bites you!
* * * LOW HITPOINT WARNING * * *
Snorg claws you but does no damage. x2
Unknown command.
Okay, then.
You closely miss Snorg.
Snorg is severely wounded.
Snorg misses you. Snorg barely misses you. You block Snorg's attack.
A red film seems to cover your vision as you go berserk!
You feel yourself moving faster!
You feel mighty! Snorg bites you but does no damage. Snorg misses you.
You block Snorg's attack. Snorg bites you!
* * * LOW HITPOINT WARNING * * *
Snorg claws you!
You die...

### ########### #
##.###.##......##.#.
#...#...............
##.#...#....).......
##.........)><)......
#...........)).##.##.
#...#...........##
##.............#.##
##..#...#....@#...#
#...#...###...T...#
##.#....# #...#..##
####..## ##.#####
#### #... #..## ...#
##.## ##


You could see Snorg (berserk, extremely poisoned).

Vanquished Creatures
  An ogre mage (D:13)
  A centaur warrior (D:13)
  2 boulder beetles
  3 two-headed ogres (D:10)
  A tengu warrior (D:13)
  An arcanist (D:9)
  A deep elf pyromancer (D:13)
  2 manticores (D:13)
  2 ugly things
  2 cyclopes
  Maurice (D:8)
  Jeremiah (D:7)
  2 komodo dragons
  2 trolls (D:9)
  2 hornets
  A slime creature (D:12)
  2 wyverns
  A spriggan (shapeshifter) (D:9)
  A shadow (D:12)
  5 yaks
  2 water moccasins
  8 orc warriors
  A sky beast (D:6)
  2 ice beasts
  3 black bears (D:6)
  An ogre (D:7)
  4 centaurs
  2 kobold brigands
  A phantom (D:5)
  2 bullfrogs
  A gnoll sergeant (D:11)
  3 scorpions
  8 killer bees
  A howler monkey (D:11)
  2 bombardier beetles
  9 orc priests
  3 hounds (D:5)
  2 gnoll boudas
  3 sleepcaps
  4 iguanas
  10 orc wizards
  7 gnolls
  6 adders
  A ribbon worm (D:2)
  2 shadow imps
  A white imp (D:6)
  An ufetubus (D:6)
  2 dart slugs (D:1)
  32 orcs
  6 ball pythons
  5 endoplasms
  6 giant cockroaches
  4 goblins
  6 hobgoblins
  A quokka (D:2)
  A bat (D:1)
  3 frilled lizards
  11 kobolds
  8 rats
209 creatures vanquished.

Vanquished Creatures (collateral kills)
  A boulder beetle (D:12)
  A two-headed ogre (D:11)
  A tengu warrior (D:13)
  A deep elf pyromancer (D:12)
  3 manticores
  2 cyclopes
  A meliai (D:13)
  2 gargoyles
  Maggie (D:8)
  A komodo dragon (D:13)
  2 trolls
  3 slime creatures (D:12)
  A shadow (D:11)
  7 yaks
  A steam dragon (D:7)
  A vampire mosquito (D:13)
  3 orc warriors
  2 centaurs
  A kobold brigand (D:9)
  A bullfrog (D:9)
  9 wights
  A killer bee (D:8)
  2 jellies
  A bombardier beetle (D:7)
  4 orc priests
  A sleepcap (D:7)
  10 orc wizards
  6 gnolls
  A shadow imp (D:7)
  An ufetubus (D:6)
  24 orcs
  3 kobolds (D:9)
99 creatures vanquished.

Vanquished Creatures (others)
  An orc wizard (D:8)
  7 battlemagi
8 creatures vanquished.

Grand Total: 316 creatures vanquished

Notes
Turn   | Place    | Note
-------+----------+-------------------------------------------
     0 | D:1      | bmb222 the Demonspawn Fighter began the quest for the Orb.
     0 | D:1      | Reached XP level 1. HP: 18/18 MP: 1/1
   141 | D:1      | Gained mutation: You are partially covered in slimy green
                  | scales. (AC +2) [demonic ancestry]
   141 | D:1      | Reached XP level 2. HP: 22/24 MP: 2/2
   813 | D:2      | Found Cifi Xumm's Weapon Shop.
   910 | D:2      | Found Fafufov's Assorted Antiques.
   926 | D:2      | Reached XP level 3. HP: 29/29 MP: 3/3
  1255 | D:2      | Reached XP level 4. HP: 27/37 MP: 4/4
  1805 | D:3      | Found an ornate altar of the Wu Jian Council.
  2481 | D:4      | Found a staircase to the Ecumenical Temple.
  2499 | D:4      | Gained mutation: You are mostly covered in slimy green
                  | scales. (AC +3) [demonic ancestry]
  2499 | D:4      | Reached XP level 5. HP: 29/42 MP: 3/5
  2527 | Temple   | Entered the Ecumenical Temple
  2543 | Temple   | Became a worshipper of Hepliaklqana the Forgotten
  2830 | D:4      | Found an opulent altar of Gozag.
  3369 | D:5      | Entered Level 5 of the Dungeon
  3539 | D:5      | Noticed an ice beast
  3545 | D:5      | Gained mutation: You regenerate a little health from kills.
                  | [demonic ancestry]
  3545 | D:5      | Reached XP level 6. HP: 49/49 MP: 6/6
  3570 | D:5      | Killed an ice beast
  3571 | D:5      | Reached skill level 5 in Fighting
  3708 | D:5      | Reached skill level 5 in Armour
  4218 | D:5      | Reached XP level 7. HP: 56/56 MP: 7/7
  4596 | D:5      | Found an ancient bone altar of Kikubaaqudgha.
  4608 | D:5      | Found a burning altar of Makhleb.
  4887 | D:5      | Reached * piety under Hepliaklqana
  5178 | D:6      | Gained mutation: You have sharp fingernails. [demonic
                  | ancestry]
  5178 | D:6      | Reached XP level 8. HP: 51/58 MP: 8/8
  5307 | D:6      | Reached skill level 1 in Dodging
  5658 | D:6      | Identified the ring "Qielecutz" {Fly rC+ SInv}
  6241 | D:7      | Noticed Jeremiah
  6321 | D:7      | Killed Jeremiah
  6322 | D:7      | Reached XP level 9. HP: 13/66 MP: 3/9
  6579 | D:7      | Reached skill level 5 in Short Blades
  6731 | D:7      | Found Weodetz's Assorted Antiques.
  6738 | D:7      | Bought a heavily runed bone amulet for 135 gold pieces
  6738 | D:7      | Identified the amulet "Kusteasa" {Spirit Rampage +Inv Will+
                  | Dex+2} (You bought it in a shop on level 7 of the Dungeon)
  6868 | D:7      | Reached ** piety under Hepliaklqana
  6878 | D:7      | Remembered your ancestor Quintus as a battlemage
  7260 | D:8      | Noticed Maggie
  8010 | D:8      | Killed Maggie
  8218 | D:8      | Noticed Maurice
  8224 | D:8      | Maurice stole a +6 ring of strength
  8228 | D:8      | Maurice stole an orb of light
  8235 | D:8      | Maurice stole a +2 broad axe of distortion
  8236 | D:8      | Maurice stole 25 gold
  8240 | D:8      | Killed Maurice
  8241 | D:8      | Reached XP level 10. HP: 50/74 MP: 2/10
  9085 | D:9      | Found a staircase to the Orcish Mines.
  9111 | D:9      | Reached skill level 10 in Fighting
  9252 | D:9      | Identified the +9 flail "Noelurch" {freeze, *Noise rCorr
                  | Dex+2 SInv}
  9590 | D:9      | Noticed an arcanist
  9591 | D:9      | Noticed a manticore
  9612 | D:9      | Killed a manticore
  9613 | D:9      | Reached skill level 5 in Dodging
  9748 | D:9      | Killed an arcanist
  9749 | D:9      | Reached XP level 11. HP: 79/82 MP: 11/11
 10046 | D:10     | Entered Level 10 of the Dungeon
 10125 | D:10     | Noticed a two-headed ogre
 10132 | D:10     | Killed a two-headed ogre
 10133 | D:10     | Reached skill level 10 in Armour
 10329 | D:10     | Found a shimmering altar of Xom.
 10357 | D:10     | Found Juphyon's Antique Weapon Boutique.
 10370 | D:10     | Reached skill level 1 in Long Blades
 10389 | D:10     | Noticed a two-headed ogre
 10394 | D:10     | Killed a two-headed ogre
 10538 | D:10     | Reached *** piety under Hepliaklqana
 10749 | D:10     | Noticed a two-headed ogre
 10759 | D:10     | Killed a two-headed ogre
 10949 | D:10     | Found a transporter.
 10976 | D:10     | Found a transporter.
 11144 | D:11     | Noticed a two-headed ogre
 11144 | D:11     | Noticed a boulder beetle
 11151 | D:11     | Reached skill level 1 in Stealth
 11157 | D:11     | HP: 3/82 [orc/+0 trident (5)]
 11489 | D:10     | Killed a boulder beetle
 11490 | D:10     | Reached skill level 5 in Long Blades
 11597 | D:11     | Killed a two-headed ogre
 12019 | D:11     | Found a staircase to the Lair.
 12324 | D:11     | Noticed a boulder beetle
 12335 | D:11     | Killed a boulder beetle
 12728 | D:12     | Reached skill level 5 in Stealth
 12735 | D:12     | Reached XP level 12. HP: 65/89 MP: 9/12
 12817 | D:12     | Noticed a boulder beetle
 12830 | D:12     | Killed a boulder beetle
 13491 | D:12     | Found Qannit's Armour Shoppe.
 13497 | D:12     | Bought a +0 helmet for 63 gold pieces
 13497 | D:12     | Bought a +0 pair of boots for 63 gold pieces
 13663 | D:13     | Found Ithy's Book Shoppe.
 13781 | D:13     | Reached **** piety under Hepliaklqana
 13828 | D:13     | Found a hide-covered altar of Uskayaw.
 13828 | D:13     | Noticed an ogre mage
 13839 | D:13     | Killed an ogre mage
 13996 | D:13     | Found a blossoming altar of Fedhas.
 14107 | D:13     | Noticed a tengu warrior
 14108 | D:13     | Noticed a tengu warrior
 14127 | D:13     | Killed a tengu warrior
 14133 | D:13     | HP: 1/89 [tengu warrior/+0 great sword (19)]
 14145 | D:13     | Killed a tengu warrior
 14592 | D:13     | Noticed a centaur warrior
 14594 | D:13     | Noticed a centaur warrior
 14603 | D:13     | Killed a centaur warrior
 14613 | D:13     | Noticed a seven-headed hydra
 14757 | Orc:1    | Entered Level 1 of the Orcish Mines
 14814 | Orc:1    | Noticed Snorg
 14826 | Orc:1    | HP: 3/133 [Snorg (15)]
 14826 | Orc:1    | Slain by Snorg

Illustrated notes

Levels and vault maps discovered:
D:1:      dpeg_arrival_connections, layout_basic
D:2:      layout_loops_cross, serial_shops, nicolae_shop_tiny_waterfront,
          nicolae_square_shop
D:3:      layout_basic, nicolae_wu_jian_wuxing_cycle, hex_tiny
D:4:      layout_loops_cross, mainiacjoe_overflow_alcove_2,
          minmay_temple_entry_sparse_star
D:5:      layout_loops_corners, jmf_multi_god_temple2, grunt_tough_drop
D:6:      layout_basic, serial_library_hellmonk_h_bend,
          chequers_serial_rivers_micro_d, minmay_misc_feat_doors, moated_statue
D:7:      layout_basic, serial_shops, shop, uniq_jeremiah
D:8:      layout_loops_cross, uniq_maurice, uniq_maggie
D:9:      minmay_chambers_of_sixes, layout_loops_ring, lemuel_round_altar,
          david_orc_3, minmay_misc_feat_secret_circle
D:10:     gammafunk_cloud_chamber, layout_basic, mainiacjoe_overflow_chevrons,
          serial_shops, shop, nicolae_zig_zag_zippers
D:11:     layout_loops_cross, lair_entry_dummy
D:12:     layout_roguey, serial_shops, kennysheep_little_box
D:13:     layout_basic, david_vaults_5, serial_shops, shop_coins, minivault_26,
          hangedman_feature_mirror
Temple:   eino_temple_rhombus
Orc:1:    layout_caves, basic_altar, uniq_snorg, uniq_jorgrun

Skill      XL: |  1  2  3  4  5  6  7  8  9 10 11 12 |
---------------+-------------------------------------+-----
Short Blades   | 2 3 4 5 6 |  6.8
Armour         | 3 4 5 6 7 8 9 10 | 10.0
Fighting       | 4 5 6 7 9 10 | 10.9
Dodging        | 2 3 5 |  5.3
Long Blades    | 6 9 |  9.3
Stealth        | 5 8 |  8.8
Shields        | |  2.8

Action                     |  1- 3 |  4- 6 |  7- 9 | 10-12 || total
---------------------------+-------+-------+-------+-------++-------
  Melee: Rapier            |   131 |       |       |       ||   131
         Dagger            |       |   195 |   401 |   328 ||   924
         Falchion          |       |       |       |   323 ||   323
 Invoke: Recall Ancestor   |       |       |     1 |     1 ||     2
         Ancestor Life: Ba |       |       |     1 |       ||     1
    Use: Scroll            |       |     7 |     1 |    12 ||    20
         Potion            |       |       |       |     8 ||     8
   Stab: Distracted        |       |       |     1 |    16 ||    17
         Sleeping          |       |       |       |     9 ||     9
 Armour: Scale mail        |    72 |    11 |       |       ||    83
         Ring mail         |       |   104 |   216 |       ||   320
         Steam dragon scal |       |       |    32 |   465 ||   497
  Dodge: Dodged            |    56 |    88 |   172 |   395 ||   711
  Block: Buckler           |    17 |    52 |    92 |   173 ||   334

Table legend: (Time is in decaauts)
 A = Elapsed time spent in this place.
 B = Non-inter-level travel time spent in this place.
 C = Inter-level travel time spent in this place.
 D = Time resting spent in this place.
 E = Time spent auto-exploring this place.
 F = Levels seen in this place.
 G = Mean time per level.
                   A        B        C        D        E       F      G
               +--------+--------+--------+--------+--------+-----+--------+
         Total |  14649 |  14039 |    610 |   2129 |   9685 |  15 |  976.6 |
       Dungeon |  14552 |  13974 |    578 |   2129 |   9652 |  13 | 1119.4 |
        Temple |     32 |      1 |     31 |      0 |      0 |   1 |   32.0 |
  Orcish Mines |     64 |     64 |      0 |      0 |     33 |   1 |   64.0 |
               +--------+--------+--------+--------+--------+-----+--------+

Top non-repeatable levels by time:
     D:5: 1658 daAuts
     D:7: 1605 daAuts
    D:10: 1549 daAuts
     D:8: 1169 daAuts
    D:13: 1094 daAuts
     D:6: 1048 daAuts
    D:12: 1041 daAuts
     D:9: 1037 daAuts
    D:11: 1006 daAuts
     D:1: 886 daAuts
     D:4: 833 daAuts
     D:3: 816 daAuts
     D:2: 807 daAuts
   Orc:1: 64 daAuts
  Temple: 32 daAuts
